AoeStats
← Lelouch9640

Arabia

509911131Analyzed
1v1 RM · 2d ago on Sep 28, 2026· 44m 20s· 2 players
Game mode
Random Map
Map size
Tiny (2 player)
Population
200
Speed
Normal
Resources
Standard
Victory
Conquest
Starting age
Dark Age
Ending age
Imperial Age
RankedLock teamsTeams togetherTeam positionsShared explorationLock speedFull tech treeHidden civsTurbo modeCheats
Victory
Defeat
🇨🇭 Vietnamese · Switzerland
1331
+16
🇫🇷 Mongols · France
1329
-16
Lelouch9640
6:17 Loom
9:03 Feudal Age
9:28 Double-Bit Axe
20:22 Castle Age
18:41 Fletching
20:06 Horse Collar
21:23 Bloodlines
22:20 Husbandry
22:29 Scale Barding Armor
23:54 Forging
25:44 Iron Casting
26:26 Bow Saw
34:23 Wheelbarrow
33:54 Gold Mining
33:52 Town Watch
35:33 Bodkin Arrow
40:52 Imperial Age
38:34 Light Cavalry
40:19 Bodkin Arrow
optional_cookie
3:57 Loom
6:30 Loom
9:09 Feudal Age
10:28 Double-Bit Axe
13:30 Horse Collar
15:54 Fletching
18:36 Wheelbarrow
18:48 Padded Archer Armor
23:01 Castle Age
23:40 Bodkin Arrow
23:07 Crossbowman
26:13 Hand Cart
27:11 Leather Archer Armor
28:42 Bow Saw
28:33 Heavy Plow
28:49 Scale Barding Armor
28:58 Scale Mail Armor
29:39 Forging
32:42 Chain Mail Armor
40:54 Imperial Age
40:12 Ballistics
42:01 Bracer
43:23 Chemistry
Connection lost

Rejoining the realm…

Still unreachable

The connection could not be restored.

Session expired

The server has moved on; the page needs a fresh start.